 Dungeon Crawl Stone Soup version 0.31.0-32-g396128a36d (webtiles) character file.

Game seed: 6881725601494321739

28 PriceMaster the Grave Robber (level 2, 0/19 HPs)
             Began as a Demonspawn Necromancer on Mar 24, 2024.
             Was a Follower of Makhleb.
             Slain by Terence
             ... wielding a +0 flail
              (5 damage)
             ... on level 2 of the Dungeon.
             The game lasted 00:02:19 (1297 turns).

PriceMaster the Grave Robber (DsNe)                 Turns: 1297, Time: 00:02:20

Health: 0/19       AC:  4    Str:  8    XL:     2   Next: 96%
Magic:  0/5        EV: 11    Int: 15    God:    Makhleb [*.....]
Gold:   74         SH:  0    Dex: 13    Spells: 4/5 levels left

rFire   x . .        c - +0 dagger
rCold   + . .        (no shield)
rNeg    . . .        d - +0 leather armour
rPois   .            (no helmet)
rElec   .            (no cloak)
rCorr   .            e - +0 pair of gloves
SInv    .            (no boots)
Will    .....        (no amulet)
Stlth   ++           b - ring of ice
HPRegen 0.23/turn    (no ring)
MPRegen 0.09/turn

%: no passive effects
@: no status effects
A: hooves 1
a: Renounce Religion


You were on level 2 of the Dungeon.
You worshipped Makhleb.
Makhleb was aware of your devotion.
You visited 1 branch of the dungeon, and saw 2 of its levels.

You collected 74 gold pieces.

Inventory:

Hand Weapons
 c - a +0 dagger (weapon)
Armour
 a - a +0 robe
 d - a +0 leather armour (worn)
 e - a +0 pair of gloves (worn)
Jewellery
 b - a ring of ice (left hand)
 f - a +6 ring of intelligence
Scrolls
 h - a scroll of identify
 k - a scroll of brand weapon {unknown}


   Skills:
 + Level 2.0 Dodging
 + Level 2.1 Stealth
 + Level 2.3 Spellcasting
 + Level 4.9 Necromancy


You had 4 spell levels left.
You knew the following spells:

 Your Spells              Type           Power      Damage    Failure   Level
a - Necrotise             Necr           64%        1d7       4%          1

Your spell library contained the following spells:

 Spells                   Type           Power      Damage    Failure   Level
 Vampiric Draining        Necr           16%        2d7       12%         3
 Animate Dead             Necr           16%        N/A       38%         4
 Curse of Agony           Necr           16%        N/A       75%         5


Dungeon Overview and Level Annotations

Branches:
Dungeon (2/15)

Altars:
Makhleb
Xom

Annotations:
D:2 Terence


Innate Abilities, Weirdness & Mutations

You have large cloven feet.


Message History

You barely miss Terence. You kick Terence, but do no damage.
Terence is severely wounded.
Terence barely misses you.
Unknown command.
You feel better. Terence closely misses you.
You completely miss Terence.
Terence is severely wounded.
Terence hits you with a +0 flail!
* * * LOW HITPOINT WARNING * * *
You completely miss Terence. Your kick misses Terence.
Terence is severely wounded.
Terence barely misses you.
You hit Terence but do no damage. You kick Terence.
Terence is almost dead.
Terence hits you but does no damage.
You hit Terence but do no damage.
Terence is almost dead.
Terence barely misses you.
You barely miss Terence. Your kick misses Terence.
Terence is almost dead.
Terence completely misses you.
Casting: Necrotise (safe; 4% risk of failure)
Confirm with . or Enter, or press ? or * to list all spells.
Aiming: Necrotise (safe; 4% risk of failure)
Press: ? - help, Shift-Dir - straight line, f/p - Terence
Aim: Terence, wielding a +0 flail and wearing a +0 ring mail (almost dead, chance to affect: 80%) Terence barely resists.
Terence closely misses you.
Unknown command.
You hit Terence but do no damage. You kick Terence, but do no damage.
Terence is almost dead.
Terence barely misses you.
You hit Terence. You kick Terence, but do no damage.
Terence is almost dead.
Terence hits you with a +0 flail.
* * * LOW HITPOINT WARNING * * *
You hit Terence but do no damage.
Terence is almost dead.
Terence hits you with a +0 flail.
You die...
Terence says, "Time to find some more victims."

.....# #.# #.......... .....##
#.# ##....).... ......##### #.#
#......... #.........###.#
##......... #....####...#.#
.##......... #.............#
..##.......## #..........#..#
...##.......##
#..........##.####....##........#
#.....#.........@...<.##........#
#.....#.##.######@....###....<...
############ ..[$..#.........
......#......... ......#.........
......#.####+#.. ......#. #.#..
......#.####.... #.........


You could see Terence.

Vanquished Creatures
  A dart slug (D:1)
  2 ball pythons (D:1)
  2 bats (D:1)
  An endoplasm (D:1)
  2 giant cockroaches
  2 goblins
  3 hobgoblins
  4 kobolds
  A quokka (D:1)
  2 frilled lizards (D:2)
  4 rats
24 creatures vanquished.

Notes
Turn   | Place    | Note
-------+----------+-------------------------------------------
     0 | D:1      | PriceMaster the Demonspawn Necromancer began the quest for
                  | the Orb.
     0 | D:1      | Reached XP level 1. HP: 13/13 MP: 3/3
   261 | D:1      | Gained mutation: You have large cloven feet. [demonic
                  | ancestry]
   261 | D:1      | Reached XP level 2. HP: 10/19 MP: 0/5
   524 | D:1      | Noticed a great orb of eyes
   526 | D:1      | Found a faded altar of an unknown god.
   540 | D:1      | Noticed a shining eye
   541 | D:1      | Noticed an eye of devastation
   541 | D:1      | Noticed a glass eye
   561 | D:1      | Prayed at the altar of an unknown god.
   561 | D:1      | Became a worshipper of Makhleb the Destroyer
   561 | D:1      | Reached * piety under Makhleb
  1039 | D:2      | Found a shimmering altar of Xom.
  1270 | D:2      | Noticed Terence
  1297 | D:2      | Slain by Terence

Illustrated notes

Levels and vault maps discovered:
D:1:      lightli_arrival_quake, layout_basic,
          hellmonk_ecumenical_altar_watching_god
D:2:      layout_basic, basic_altar, corexii_leaking_fountain, uniq_terence,
          uniq_crazy_yiuf_cottage

Skill      XL: |  1  2 |
---------------+-------+-----
Stealth        | 2 |  2.1
Dodging        | 2 |  2.0
Spellcasting   | |  2.3
Necromancy     | |  4.9

Action                     || total
---------------------------++-------
  Melee: Dagger            ||    25
         Kick              ||     7
   Cast: Necrotise         ||    42
    Use: Potion            ||     6
         Scroll            ||     2
 Armour: Leather armour    ||    29
  Dodge: Dodged            ||    23
